[Event "Philadelphia International"]
[Site "Philadelphia"]
[Date "2012.06.29"]
[Round "2.3"]
[White "Jankovic, Alojzije"]
[Black "Kaufman, Lawrence"]
[Result "1-0"]
[ECO "D90"]
[WhiteElo "2564"]
[BlackElo "2380"]
[PlyCount "105"]
[EventDate "2012.07.??"]
[EventType "swiss"]
[EventRounds "9"]
[EventCountry "USA"]
[Source "MonRoi"]
[TimeControl "6000+540"]
[WhiteClock "0:32:48"]
[BlackClock "0:15:28"]

1. d4 Nf6 2. c4 g6 3. Nc3 d5 4. Nf3 Bg7 5. Qa4+ Bd7 6. Qb3 dxc4 7. Qxc4 O-O 8.
Bf4 c6 9. e4 Be6 10. Qa4 h6 11. Be2 Nbd7 12. O-O Nb6 13. Qc2 Bc4 14. a4 Bxe2
15. Qxe2 a5 16. Rad1 Qc8 17. Rfe1 Kh7 18. h3 Re8 19. Qc2 Nfd7 20. Qb3 e6 21.
Bd6 Ra6 22. Rc1 Qd8 23. Red1 Nc8 24. Qxb7 Rb6 25. Qc7 Nxd6 26. Qxd6 c5 27. Qf4
cxd4 28. Nb5 Qe7 29. Qd2 Nc5 30. Nfxd4 e5 31. Nc2 Ra8 32. Ne3 Nb3 33. Qd5 Nxc1
34. Qxa8 Qc5 35. Qxa5 Ne2+ 36. Kh2 Nd4 37. Qc3 Rc6 38. Qxc5 Rxc5 39. Nc3 Bf8
40. Ned5 Kg7 41. b4 Rc4 42. Rb1 f5 43. f3 Nc6 44. b5 Ne7 45. a5 Nxd5 46. Nxd5
fxe4 47. Nb6 Rc2 48. fxe4 Ra2 49. Nd7 Rxa5 50. b6 Be7 51. b7 Bd6 52. Rb6 Bc7
53. Rc6 1-0

[Event "Philadelphia International"]
[Site "Philadelphia"]
[Date "2012.06.29"]
[Round "2.4"]
[White "Bartell, Thomas"]
[Black "Bosiocici, Marin"]
[Result "0-1"]
[ECO "D11"]
[WhiteElo "2369"]
[BlackElo "2555"]
[PlyCount "84"]
[EventDate "2012.07.??"]
[EventType "swiss"]
[EventRounds "9"]
[EventCountry "USA"]
[Source "MonRoi"]
[TimeControl "6000+1025"]
[WhiteClock "0:27:19"]
[BlackClock "0:46:52"]

1. d4 d5 2. c4 c6 3. Nf3 Nf6 4. e3 Bg4 5. Nc3 e6 6. Qb3 Qb6 7. Nh4 Nbd7 8. h3
Bh5 9. g4 Bg6 10. Nxg6 hxg6 11. Bg2 g5 12. Bd2 Be7 13. O-O-O O-O-O 14. Kb1 Kb8
15. Bc1 dxc4 16. Qxc4 Nd5 17. Ne2 Qc7 18. a3 c5 19. dxc5 N7b6 20. Qc2 Bxc5 21.
Rd3 Rc8 22. Rhd1 Qh2 23. Bxd5 exd5 24. Nc3 Qxh3 25. Qe2 Rh4 26. f3 Qg3 27. Rf1
Rh2 28. Qd1 Nc4 29. Ka1 Qg2 30. Rg1 Qc2 31. Qxc2 Rxc2 32. Nxd5 Ne5 33. Rc3 Rxc3
34. Nxc3 Nxf3 35. Rg3 Ne5 36. e4 f6 37. Kb1 Rh8 38. b4 Bb6 39. Nd5 Bd4 40. Ne7
Rh1 41. Nf5 Bf2 42. Rg2 Nd3 0-1

[Event "Philadelphia International"]
[Site "Philadelphia"]
[Date "2012.06.30"]
[Round "3.1"]
[White "Nikhil, Shyam"]
[Black "Gupta, Abhijeet"]
[Result "1/2-1/2"]
[ECO "B51"]
[WhiteElo "2502"]
[BlackElo "2644"]
[PlyCount "52"]
[EventDate "2012.07.??"]
[EventType "swiss"]
[EventRounds "9"]
[EventCountry "USA"]
[Source "MonRoi"]
[TimeControl "6000+545"]
[WhiteClock "1:13:21"]
[BlackClock "1:29:57"]

1. e4 c5 2. Nf3 d6 3. Bb5+ Nc6 4. O-O Bd7 5. Re1 a6 6. Bf1 Bg4 7. h3 Bh5 8. d3
e6 9. Nbd2 Nf6 10. g4 Bg6 11. Bg2 Be7 12. Nh4 Nd7 13. Nxg6 hxg6 14. c3 Bg5 15.
Rf1 Bf4 16. d4 O-O 17. Nf3 Bxc1 18. Rxc1 cxd4 19. Nxd4 Qe7 20. Qd2 Rfd8 21.
Rfd1 Nf8 22. g5 Rac8 23. h4 Na5 24. b3 Nc6 25. Ne2 Rc7 26. Qe3 f6 1/2-1/2

[Event "Philadelphia International"]
[Site "Philadelphia"]
[Date "2012.06.30"]
[Round "3.2"]
[White "Chakkravarthy, Deepan"]
[Black "Jankovic, Alojzije"]
[Result "1/2-1/2"]
[ECO "B67"]
[WhiteElo "2461"]
[BlackElo "2564"]
[PlyCount "67"]
[EventDate "2012.07.??"]
[EventType "swiss"]
[EventRounds "9"]
[EventCountry "USA"]
[Source "MonRoi"]
[TimeControl "6000+960"]
[WhiteClock "0:03:40"]
[BlackClock "0:10:49"]

1. e4 c5 2. Nf3 Nc6 3. d4 cxd4 4. Nxd4 Nf6 5. Nc3 d6 6. Bg5 e6 7. Qd2 a6 8.
O-O-O Bd7 9. f3 Be7 10. h4 O-O 11. g4 b5 12. Be3 Ne5 13. g5 Nh5 14. f4 b4 15.
Nb1 Ng4 16. Be2 Nxe3 17. Qxe3 Nxf4 18. Qxf4 e5 19. Qf2 exd4 20. Bc4 Rc8 21.
Rxd4 d5 22. Bxa6 Ra8 23. Bb7 Rxa2 24. Bxd5 Ra1 25. Qd2 Qa5 26. Rf1 Be6 27. Bxe6
fxe6 28. Rxf8+ Bxf8 29. Rd8 Qc5 30. Qd4 Qxd4 31. Rxd4 Kf7 32. b3 h6 33. Kb2 Ra5
34. c3 1/2-1/2

[Event "Philadelphia International"]
[Site "Philadelphia"]
[Date "2012.06.30"]
[Round "3.3"]
[White "Bosiocici, Marin"]
[Black "Smith, Bryan"]
[Result "1/2-1/2"]
[ECO "E28"]
[WhiteElo "2555"]
[BlackElo "2444"]
[PlyCount "75"]
[EventDate "2012.07.??"]
[EventType "swiss"]
[EventRounds "9"]
[EventCountry "USA"]
[Source "MonRoi"]
[TimeControl "6000+1185"]
[WhiteClock "0:20:22"]
[BlackClock "0:06:01"]

1. d4 Nf6 2. c4 e6 3. Nc3 Bb4 4. a3 Bxc3+ 5. bxc3 c5 6. e3 Nc6 7. Ne2 O-O 8.
Ng3 b6 9. e4 Ne8 10. d5 Na5 11. Bd3 Ba6 12. Qe2 Nb3 13. Rb1 Nxc1 14. Rxc1 e5
15. O-O Qg5 16. f4 exf4 17. Nh5 Qe5 18. Qg4 g6 19. Nxf4 Nd6 20. Qg3 Rae8 21.
Nh5 Nxe4 22. Qxe5 Rxe5 23. Nf6+ Nxf6 24. Rxf6 Re3 25. Rd1 Rfe8 26. Kf2 Kg7 27.
Rf3 Rxf3+ 28. gxf3 Kf6 29. a4 Ke7 30. a5 Kd6 31. axb6 axb6 32. Rb1 Rb8 33. Kg3
Kc7 34. Re1 Bb7 35. Kf4 Kd6 36. Rb1 Kc7 37. Re1 Kd6 38. Rb1 1/2-1/2

[Event "Philadelphia International"]
[Site "Philadelphia"]
[Date "2012.06.30"]
[Round "4.1"]
[White "Gupta, Abhijeet"]
[Black "Sethuraman, S."]
[Result "1-0"]
[ECO "E35"]
[WhiteElo "2644"]
[BlackElo "2546"]
[PlyCount "71"]
[EventDate "2012.07.??"]
[EventType "swiss"]
[EventRounds "9"]
[EventCountry "USA"]
[Source "MonRoi"]
[TimeControl "6000+1840"]
[WhiteClock "0:26:58"]
[BlackClock "0:00:46"]

1. d4 Nf6 2. c4 e6 3. Nc3 Bb4 4. Qc2 d5 5. cxd5 exd5 6. Bg5 c5 7. dxc5 h6 8.
Bh4 g5 9. Bg3 Ne4 10. e3 Qa5 11. Rc1 Nc6 12. Bd3 Nxg3 13. hxg3 d4 14. exd4 Nxd4
15. Qd1 Be6 16. Nf3 O-O-O 17. O-O Nc6 18. a3 Bxc5 19. b4 Qxa3 20. bxc5 Nb4 21.
Ne5 Nxd3 22. Nxd3 Qa6 23. c6 Rxd3 24. cxb7+ Kb8 25. Qe2 Rhd8 26. Ne4 Qb6 27.
Nc5 R3d6 28. Qe5 f6 29. Qc3 Qc6 30. Ra1 Bf5 31. Rfc1 Bd3 32. Qe1 Qb6 33. Nxd3
Rxd3 34. Rab1 Qd6 35. Qe4 Rd4 36. Qc2 1-0

[Event "Philadelphia International"]
[Site "Philadelphia"]
[Date "2012.06.30"]
[Round "4.3"]
[White "Jankovic, Alojzije"]
[Black "Ludwig, Daniel"]
[Result "1/2-1/2"]
[ECO "E31"]
[WhiteElo "2564"]
[BlackElo "2456"]
[PlyCount "71"]
[EventDate "2012.07.??"]
[EventType "swiss"]
[EventRounds "9"]
[EventCountry "USA"]
[Source "MonRoi"]
[TimeControl "6000+1065"]
[WhiteClock "0:08:12"]
[BlackClock "0:11:28"]

1. d4 Nf6 2. c4 e6 3. Nc3 Bb4 4. Bg5 c5 5. d5 h6 6. Bh4 d6 7. e3 exd5 8. cxd5
Nbd7 9. Bd3 Qa5 10. Nge2 Nxd5 11. O-O Bxc3 12. bxc3 O-O 13. Qd2 N5f6 14. e4 b6
15. Ng3 Ba6 16. Nf5 Rae8 17. Nxd6 Bxd3 18. Qxd3 Re6 19. f4 c4 20. Nxc4 Qc5+ 21.
Bf2 Qc6 22. e5 Ne4 23. Bd4 Ndc5 24. Qe3 f5 25. exf6 Nxf6 26. Ne5 Ng4 27. Qh3
Nxe5 28. Bxe5 Rfe8 29. Bd4 Re2 30. Qg4 Qd7 31. f5 R8e4 32. Qf3 Qf7 33. f6 Ne6
34. fxg7 Qxf3 35. gxf3 Rf4 36. Bf2 1/2-1/2

[Event "Philadelphia International"]
[Site "Philadelphia"]
[Date "2012.06.30"]
[Round "4.4"]
[White "Sachdev, Tania"]
[Black "Bosiocici, Marin"]
[Result "0-1"]
[ECO "D80"]
[WhiteElo "2417"]
[BlackElo "2555"]
[PlyCount "80"]
[EventDate "2012.07.??"]
[EventType "swiss"]
[EventRounds "9"]
[EventCountry "USA"]
[Source "MonRoi"]
[TimeControl "6000+1005"]
[WhiteClock "0:30:38"]
[BlackClock "1:11:08"]

1. d4 Nf6 2. c4 g6 3. Nc3 d5 4. Bg5 Ne4 5. Bh4 Nxc3 6. bxc3 dxc4 7. e3 Be6 8.
Be2 Bg7 9. Nf3 Nd7 10. O-O Nb6 11. Qc2 O-O 12. a4 a5 13. Rfb1 Qe8 14. Nd2 Bd7
15. Nxc4 Bxa4 16. Qa2 Nd5 17. Qd2 b6 18. Bf3 Rd8 19. Bxd5 Rxd5 20. Bxe7 Qxe7
21. Rxa4 Ra8 22. Raa1 a4 23. Na3 Bf8 24. c4 Rda5 25. Qd3 Qh4 26. Ra2 Rh5 27. h3
Rg5 28. Kf1 Raa5 29. Nb5 a3 30. Nxc7 Raf5 31. Nd5 Qg3 32. Qe4 Qh2 33. f4 Qh1+
34. Kf2 Rxg2+ 35. Qxg2 Qxb1 36. Kg3 Bd6 37. Kh2 Rxd5 38. cxd5 b5 39. Rc2 b4 40.
Rc6 a2 0-1

[Event "Philadelphia International"]
[Site "Philadelphia"]
[Date "2012.06.30"]
[Round "4.5"]
[White "Evdokimov, Alexander"]
[Black "Chakkravarthy, Deepan"]
[Result "1-0"]
[ECO "D15"]
[WhiteElo "2544"]
[BlackElo "2461"]
[PlyCount "127"]
[EventDate "2012.07.??"]
[EventType "swiss"]
[EventRounds "9"]
[EventCountry "USA"]
[Source "MonRoi"]
[TimeControl "5400+935"]
[WhiteClock "0:04:31"]
[BlackClock "0:02:54"]

1. d4 d5 2. c4 c6 3. Nf3 Nf6 4. Nc3 a6 5. e3 b5 6. c5 Bf5 7. Bd2 Nbd7 8. b4 h6
9. a4 Rb8 10. Be2 e6 11. O-O Be7 12. axb5 axb5 13. Ra7 O-O 14. Qa1 Ne4 15. Qa6
Ra8 16. Rxa8 Qxa8 17. Ra1 Qxa6 18. Rxa6 Nb8 19. Ra7 Nxc3 20. Bxc3 Bf6 21. Nd2
Bc2 22. Kf1 Rc8 23. Ke1 Kf8 24. Bh5 Be7 25. Bd1 Bg6 26. Nb3 f6 27. Ke2 Be8 28.
f3 Bd8 29. Be1 Bc7 30. Bg3 Bxg3 31. hxg3 Nd7 32. g4 Ke7 33. Bc2 Kd8 34. Na5 Rc7
35. Ra8+ Ke7 36. e4 Nf8 37. Ke3 Bd7 38. f4 g6 39. f5 gxf5 40. gxf5 dxe4 41.
fxe6 Nxe6 42. Bxe4 Ng5 43. d5 Nxe4 44. Kxe4 cxd5+ 45. Kxd5 Be6+ 46. Ke4 h5 47.
c6 Rc8 48. Rxc8 Bxc8 49. Kd5 h4 50. Nb7 Be6+ 51. Kc5 f5 52. Kxb5 f4 53. Nc5 Bf5
54. c7 f3 55. gxf3 h3 56. Ne4 h2 57. Ng3 Kd7 58. Kb6 Kc8 59. Nxf5 h1=Q 60. Nd6+
Kd7 61. c8=Q+ Kxd6 62. Qc6+ Ke7 63. b5 Kf7 64. Kb7 1-0

[Event "Philadelphia International"]
[Site "Philadelphia"]
[Date "2012.07.02"]
[Round "5.1"]
[White "Smith, Bryan"]
[Black "Gupta, Abhijeet"]
[Result "1/2-1/2"]
[ECO "B67"]
[WhiteElo "2444"]
[BlackElo "2644"]
[PlyCount "57"]
[EventDate "2012.07.??"]
[EventType "swiss"]
[EventRounds "9"]
[EventCountry "USA"]
[Source "MonRoi"]
[TimeControl "5400+1340"]
[WhiteClock "0:09:17"]
[BlackClock "0:35:00"]

1. e4 c5 2. Nf3 d6 3. d4 cxd4 4. Nxd4 Nf6 5. Nc3 Nc6 6. Bg5 e6 7. Qd2 a6 8.
O-O-O Bd7 9. f3 Be7 10. h4 h6 11. Be3 h5 12. Bg5 Ne5 13. f4 Neg4 14. Qe1 Qc7
15. g3 b5 16. a3 Qc5 17. Bh3 Rc8 18. Bxg4 Nxg4 19. Bxe7 Kxe7 20. e5 dxe5 21.
Ne4 Qc4 22. b3 Qc7 23. fxe5 Kf8 24. Nd6 Qc3 25. Qe4 Qa1+ 26. Kd2 Qc3+ 27. Kc1
Qa1+ 28. Kd2 Qc3+ 29. Ke2 1/2-1/2

[Event "Philadelphia International"]
[Site "Philadelphia"]
[Date "2012.07.02"]
[Round "5.2"]
[White "Bosiocici, Marin"]
[Black "Evdokimov, Alexander"]
[Result "0-1"]
[ECO "A69"]
[WhiteElo "2555"]
[BlackElo "2544"]
[PlyCount "128"]
[EventDate "2012.07.??"]
[EventType "swiss"]
[EventRounds "9"]
[EventCountry "USA"]
[Source "MonRoi"]
[TimeControl "6000+960"]
[WhiteClock "0:21:26"]
[BlackClock "0:05:35"]

1. d4 Nf6 2. c4 c5 3. d5 e6 4. Nc3 exd5 5. cxd5 g6 6. e4 d6 7. f4 Bg7 8. Nf3
O-O 9. Be2 Re8 10. e5 dxe5 11. fxe5 Ng4 12. e6 fxe6 13. d6 Nc6 14. O-O Bd7 15.
Bg5 Qa5 16. h3 Nf6 17. Bc4 Kh8 18. Nb5 Nd5 19. Bd2 Qb6 20. a4 Nd4 21. Nbxd4
cxd4 22. Ng5 Rf8 23. Qg4 Qxb2 24. Bxd5 Qxd2 25. Bxe6 Bh6 26. Bxd7 Qxg5 27. Rab1
Qe5 28. Qe6 Bf4 29. Qxe5+ Bxe5 30. Rxf8+ Rxf8 31. Rxb7 Bxd6 32. Bb5 Bc5 33. Rd7
Bb6 34. g4 d3+ 35. Kg2 Rf2+ 36. Kg3 d2 37. g5 Be3 38. h4 Rf8 39. a5 h6 40. gxh6
Rf5 41. Be2 Rxa5 42. h7 Ra1 43. Kf3 Bh6 44. Kf2 Rh1 45. h5 Rh2+ 46. Kf3 Rxh5
47. Rxa7 Rf5+ 48. Kg3 Rg5+ 49. Kf2 Rf5+ 50. Kg3 Rd5 51. Bd1 Bg7 52. Kf3 Kxh7
53. Ke2 Kh6 54. Ra3 Bf8 55. Ra4 Be7 56. Bc2 Rd6 57. Rg4 Bg5 58. Rg1 Re6+ 59.
Kd1 Ra6 60. Bb1 Rc6 61. Bc2 Bf4 62. Rh1+ Kg7 63. Rh4 Rc4 64. Rh3 g5 0-1

[Event "Philadelphia International"]
[Site "Philadelphia"]
[Date "2012.07.02"]
[Round "5.3"]
[White "Ludwig, Daniel"]
[Black "Romanov, Evgeny"]
[Result "1/2-1/2"]
[ECO "E32"]
[WhiteElo "2456"]
[BlackElo "2631"]
[PlyCount "65"]
[EventDate "2012.07.??"]
[EventType "swiss"]
[EventRounds "9"]
[EventCountry "USA"]
[Source "MonRoi"]
[TimeControl "6000+1135"]
[WhiteClock "0:10:56"]
[BlackClock "0:08:22"]

1. d4 Nf6 2. c4 e6 3. Nc3 Bb4 4. Qc2 d6 5. Nf3 Nbd7 6. a3 Bxc3+ 7. Qxc3 O-O 8.
g3 Re8 9. Bg2 e5 10. dxe5 Nxe5 11. Nxe5 Rxe5 12. Bf4 Re8 13. O-O Ne4 14. Qd4
Nc5 15. Rad1 a5 16. Be3 a4 17. Qc3 Qe7 18. Bxc5 dxc5 19. Rd2 c6 20. Rfd1 Be6
21. e4 f6 22. h3 Qf7 23. f4 Qc7 24. f5 Bf7 25. Rd7 Qb8 26. R1d6 Re7 27. Qd3
Rxd7 28. Rxd7 h6 29. Re7 Qd8 30. Rd7 Qb8 31. Re7 Qd8 32. Rd7 Qb8 33. Kh2
1/2-1/2

[Event "Philadelphia International"]
[Site "Philadelphia"]
[Date "2012.07.02"]
[Round "5.4"]
[White "Ippolito, Dean"]
[Black "Jankovic, Alojzije"]
[Result "1/2-1/2"]
[ECO "E62"]
[WhiteElo "2432"]
[BlackElo "2564"]
[PlyCount "59"]
[EventDate "2012.07.??"]
[EventType "swiss"]
[EventRounds "9"]
[EventCountry "USA"]
[Source "MonRoi"]
[TimeControl "6000+990"]
[WhiteClock "0:05:09"]
[BlackClock "0:28:51"]

1. d4 Nf6 2. c4 g6 3. Nf3 Bg7 4. g3 O-O 5. Bg2 d6 6. O-O c6 7. Nc3 a6 8. e4 Bg4
9. h3 Bxf3 10. Qxf3 Nfd7 11. Rd1 b5 12. Qe2 Qa5 13. a3 b4 14. axb4 Qxb4 15. e5
dxe5 16. d5 Qb7 17. b4 e4 18. Qxe4 Bxc3 19. dxc6 Nxc6 20. Qxc6 Qxc6 21. Bxc6
Rad8 22. Bh6 Bxa1 23. Bxf8 Kxf8 24. Rxa1 Ne5 25. Rxa6 Nxc4 26. b5 Rd1+ 27. Kg2
Rb1 28. Bd5 Nd6 29. b6 Kg7 30. b7 1/2-1/2

[Event "Philadelphia International"]
[Site "Philadelphia"]
[Date "2012.07.01"]
[Round "6.1"]
[White "Gupta, Abhijeet"]
[Black "Zapata, Alonso"]
[Result "1-0"]
[ECO "A65"]
[WhiteElo "2644"]
[BlackElo "2484"]
[PlyCount "78"]
[EventDate "2012.07.??"]
[EventType "swiss"]
[EventRounds "9"]
[EventCountry "USA"]
[Source "MonRoi"]
[TimeControl "6000+880"]
[WhiteClock "0:01:54"]
[BlackClock "0:00:56"]

1. d4 Nf6 2. c4 g6 3. Nc3 Bg7 4. e4 d6 5. f3 O-O 6. Nge2 c5 7. d5 e6 8. Ng3
exd5 9. cxd5 a6 10. a4 Nbd7 11. Be2 Ne8 12. O-O Rb8 13. Be3 Nc7 14. f4 f6 15.
f5 Ne5 16. h4 Qe7 17. Rb1 a5 18. fxg6 hxg6 19. h5 f5 20. Qd2 Qh4 21. Nh1 Ng4
22. Bxg4 Qxg4 23. hxg6 Bd7 24. Rf4 Qxg6 25. Rbf1 fxe4 26. Nxe4 Rxf4 27. Rxf4
Re8 28. Nhf2 Re5 29. Rh4 Bf5 30. Bh6 Bh8 31. Qd3 Ne8 32. Qf3 Nf6 33. Nxd6 Rxd5
34. Nxf5 Qxf5 35. Qg3+ Kf7 36. Qb8 Re5 37. Qf8+ Ke6 38. Bd2 Re2 39. Qc8+ Kd5
1-0

[Event "Philadelphia International"]
[Site "Philadelphia"]
[Date "2012.07.01"]
[Round "6.2"]
[White "Romanov, Evgeny"]
[Black "Ippolito, Dean"]
[Result "0-1"]
[ECO "E06"]
[WhiteElo "2631"]
[BlackElo "2432"]
[PlyCount "62"]
[EventDate "2012.07.??"]
[EventType "swiss"]
[EventRounds "9"]
[EventCountry "USA"]
[Source "MonRoi"]
[TimeControl "5400+1895"]
[WhiteClock "0:06:05"]
[BlackClock "0:03:39"]

1. c4 e6 2. g3 Nf6 3. Bg2 d5 4. Nf3 Be7 5. d4 O-O 6. Qc2 c5 7. dxc5 Bxc5 8.
cxd5 Qc7 9. Nc3 Nxd5 10. O-O Nd7 11. Bd2 Bb4 12. Ng5 N7f6 13. Be4 Bxc3 14.
Bxh7+ Kh8 15. bxc3 g6 16. c4 Ne7 17. Bc3 e5 18. Nxf7+ Rxf7 19. Bxg6 Rg7 20. Bd3
Bh3 21. Rfd1 Qc6 22. e4 Ng4 23. Bf1 Bxf1 24. Rxf1 Qh6 25. h4 Rag8 26. Qd2 Qh5
27. Qe2 Ng6 28. f3 Nf6 29. Kh1 Nxh4 30. Qh2 Rxg3 31. Be1 Rg1+ 0-1

[Event "Philadelphia International"]
[Site "Philadelphia"]
[Date "2012.07.01"]
[Round "6.5"]
[White "Evdokimov, Alexander"]
[Black "Sethuraman, S."]
[Result "1/2-1/2"]
[ECO "E15"]
[WhiteElo "2544"]
[BlackElo "2546"]
[PlyCount "154"]
[EventDate "2012.07.??"]
[EventType "swiss"]
[EventRounds "9"]
[EventCountry "USA"]
[Source "MonRoi"]
[TimeControl "6000+1150"]
[WhiteClock "0:02:21"]
[BlackClock "0:00:40"]

1. d4 Nf6 2. c4 e6 3. Nf3 b6 4. g3 Bb4+ 5. Bd2 Bxd2+ 6. Qxd2 Ba6 7. Qc2 Bb7 8.
Bg2 c5 9. O-O cxd4 10. Nxd4 Bxg2 11. Kxg2 O-O 12. Rd1 Qc8 13. Nd2 d5 14. Rac1
Na6 15. a3 Qb7 16. cxd5 Rac8 17. Qb3 Nc5 18. Qf3 Qxd5 19. Qxd5 Nxd5 20. Rc2
Rcd8 21. N2f3 a6 22. Rdc1 h6 23. Kg1 Ne7 24. b4 Na4 25. Rc7 Nd5 26. R7c6 Rfe8
27. R6c2 Ne7 28. Nb3 Nf5 29. Ne5 Nd6 30. Nc6 Ra8 31. Rd1 Nb5 32. Nbd4 Nxa3 33.
Rcc1 Nb2 34. Rd2 Nac4 35. Rdc2 b5 36. Ra1 e5 37. Nb3 Na4 38. Nba5 Ncb6 39. Nb7
Re6 40. Rd1 Rc8 41. Rdc1 Rc7 42. Nba5 Re8 43. e4 Kf8 44. Kf1 Rec8 45. Ke2 f6
46. Nb3 Ke8 47. h4 h5 48. f4 Nd7 49. Nba5 exf4 50. gxf4 Nf8 51. Ke3 Ne6 52. f5
Nd8 53. Nd4 Rxc2 54. Rxc2 Rxc2 55. Nxc2 Kd7 56. Nd4 Nc3 57. Nab3 Kd6 58. Nc1
Nd1+ 59. Ke2 Nb2 60. Ke3 Nc4+ 61. Kf4 Ne5 62. Ke3 Ndc6 63. Nxc6 Nxc6 64. Nd3 a5
65. bxa5 Nxa5 66. Nf4 b4 67. Nxh5 b3 68. Kd3 b2 69. Kc2 Nc4 70. Nxg7 Kc5 71.
Ne8 Kb4 72. Nxf6 Ka3 73. Nd5 Ne3+ 74. Kb1 Nc4 75. Kc2 Ne3+ 76. Kb1 Nc4 77. Kc2
Nd6 1/2-1/2

[Event "Philadelphia International"]
[Site "Philadelphia"]
[Date "2012.07.01"]
[Round "6.7"]
[White "Venkatesh, Marani"]
[Black "Smith, Bryan"]
[Result "1-0"]
[ECO "B23"]
[WhiteElo "2517"]
[BlackElo "2444"]
[PlyCount "63"]
[EventDate "2012.07.??"]
[EventType "swiss"]
[EventRounds "9"]
[EventCountry "USA"]
[Source "MonRoi"]
[TimeControl "6000+1295"]
[WhiteClock "0:20:13"]
[BlackClock "0:15:33"]

1. e4 c5 2. Nc3 Nc6 3. Bb5 Nd4 4. Bc4 a6 5. a4 g6 6. f4 Bg7 7. Nf3 e6 8. d3 Ne7
9. Nxd4 cxd4 10. Ne2 d5 11. Bb3 dxe4 12. dxe4 Qb6 13. a5 Qc5 14. e5 Nc6 15. Ng3
O-O 16. Ne4 Qe7 17. O-O f6 18. exf6 Bxf6 19. f5 gxf5 20. Rxf5 Be5 21. Qg4+ Kh8
22. Rxf8+ Qxf8 23. Bg5 d3 24. c3 Qf5 25. Qh4 Bd7 26. Rf1 Qg6 27. Nf6 Qg7 28.
Ng4 Kg8 29. Bh6 Qg6 30. Nf6+ Kh8 31. Nxd7 Rg8 32. g3 1-0

[Event "Philadelphia International"]
[Site "Philadelphia"]
[Date "2012.07.02"]
[Round "7.1"]
[White "Evdokimov, Alexander"]
[Black "Gupta, Abhijeet"]
[Result "0-1"]
[ECO "D97"]
[WhiteElo "2544"]
[BlackElo "2644"]
[PlyCount "101"]
[EventDate "2012.07.??"]
[EventType "swiss"]
[EventRounds "9"]
[EventCountry "USA"]
[Source "MonRoi"]
[TimeControl "5400+1085"]
[WhiteClock "0:06:00"]
[BlackClock "1:19:09"]

1. d4 Nf6 2. c4 g6 3. Nc3 d5 4. Nf3 Bg7 5. Qb3 dxc4 6. Qxc4 O-O 7. e4 a6 8. Be2
b5 9. Qb3 c5 10. dxc5 Bb7 11. e5 Nfd7 12. Be3 Qc7 13. Nd5 Qa5+ 14. Kf1 e6 15.
Nf4 Nc6 16. Nd3 Ndxe5 17. Nfxe5 Nxe5 18. Nxe5 Bd5 19. Qc3 Qxc3 20. bxc3 Bxe5
21. Bd4 Bxd4 22. cxd4 e5 23. dxe5 Rfc8 24. Bf3 Rxc5 25. Bxd5 Rxd5 26. h4 Rxe5
27. Rh3 Rd8 28. Ra3 Re6 29. Re1 Rdd6 30. g3 h5 31. Ree3 Rxe3 32. Rxe3 Kg7 33.
Rf3 a5 34. Rb3 Rd5 35. Ke2 Kf6 36. Rc3 Ke5 37. Rc7 Kd4 38. Rxf7 Kc3 39. Rf6
Rd2+ 40. Ke3 Rxa2 41. Rxg6 a4 42. Rc6+ Kb3 43. g4 hxg4 44. Rc1 a3 45. h5 g3 46.
fxg3 Rh2 47. Rb1+ Ka4 48. g4 a2 49. Ra1 Ka3 50. g5 Rxh5 51. Kd4 0-1

[Event "Philadelphia International"]
[Site "Philadelphia"]
[Date "2012.07.02"]
[Round "7.3"]
[White "Venkatesh, Marani"]
[Black "Jankovic, Alojzije"]
[Result "1-0"]
[ECO "B23"]
[WhiteElo "2517"]
[BlackElo "2564"]
[PlyCount "53"]
[EventDate "2012.07.??"]
[EventType "swiss"]
[EventRounds "9"]
[EventCountry "USA"]
[Source "MonRoi"]
[TimeControl "6000+1490"]
[WhiteClock "0:02:30"]
[BlackClock "0:03:25"]

1. e4 c5 2. Nc3 d6 3. f4 g6 4. Nf3 Bg7 5. Bc4 Nc6 6. O-O e6 7. d3 Nge7 8. Qe1
O-O 9. Bb3 Na5 10. Bd2 Nec6 11. Qf2 b6 12. Rae1 d5 13. exd5 Nxb3 14. dxc6 Nxd2
15. Qxd2 Qc7 16. Ne5 f6 17. Nb5 Qd8 18. Nc4 Rf7 19. Nbd6 Rc7 20. Qe2 Rxc6 21.
Qf3 Bd7 22. Rxe6 h5 23. Rfe1 b5 24. Re8+ Qxe8 25. Nxe8 Rxe8 26. Rxe8+ Bxe8 27.
Qd5+ 1-0

[Event "Philadelphia International"]
[Site "Philadelphia"]
[Date "2012.07.02"]
[Round "7.4"]
[White "Sethuraman, SP."]
[Black "Bosiocici, Marin"]
[Result "1-0"]
[ECO "C45"]
[WhiteElo "2546"]
[BlackElo "2555"]
[PlyCount "144"]
[EventDate "2012.07.??"]
[EventType "swiss"]
[EventRounds "9"]
[EventCountry "USA"]
[Source "MonRoi"]
[TimeControl "6000+1180"]
[WhiteClock "0:04:37"]
[BlackClock "0:39:37"]

1. e4 e5 2. Nf3 Nc6 3. d4 exd4 4. Nxd4 Nf6 5. Nxc6 bxc6 6. e5 Qe7 7. Qe2 Nd5 8.
c4 Ba6 9. Nd2 O-O-O 10. b3 g5 11. Bb2 Bg7 12. Qe4 Nf4 13. O-O-O Bb7 14. Qf5 c5
15. Ne4 h6 16. h4 Qe6 17. Qxe6 Nxe6 18. Re1 Rhe8 19. hxg5 hxg5 20. Rh7 Rh8 21.
Nxg5 Rxh7 22. Nxh7 d6 23. Nf6 Nd4 24. f4 dxe5 25. fxe5 Bh6+ 26. Kb1 Bd2 27. Rd1
Bf4 28. g3 Bxg3 29. Bh3+ Kb8 30. Bxd4 cxd4 31. Nd7+ Ka8 32. Rxd4 Rg8 33. Bf5
Bf2 34. Rd2 Rg1+ 35. Kc2 Rg2 36. b4 Be1 37. Rxg2 Bxg2 38. a3 a6 39. Kd3 Bf1+
40. Kd4 Bf2+ 41. Kc3 Be1+ 42. Kb3 a5 43. Be4+ Ka7 44. c5 axb4 45. axb4 Bh3 46.
c6 Be6+ 47. Ka4 Bh4 48. Kb5 Bg3 49. Ka5 Bb3 50. Bf5 Bf4 51. Kb5 Bg3 52. Bd3 Bd1
53. Bc4 Bh5 54. Bd5 Be2+ 55. Ka5 Bh5 56. b5 Bh4 57. Kb4 Be7+ 58. Kc3 Bg4 59.
Nf6 Bxf6 60. exf6 Bh5 61. Kd4 Kb6 62. Bc4 Bg6 63. Kd5 Bh5 64. Ke5 Kc5 65. Kf4
Kd6 66. Kg5 Bg6 67. Kh6 Kc5 68. Kg7 Kxc4 69. b6 cxb6 70. c7 Bf5 71. Kxf7 b5 72.
Ke7 Kd5 1-0

[Event "Philadelphia International"]
[Site "Philadelphia"]
[Date "2012.07.02"]
[Round "7.5"]
[White "Ippolito, Dean"]
[Black "Gujrathi, Vidit"]
[Result "1/2-1/2"]
[ECO "D38"]
[WhiteElo "2432"]
[BlackElo "2528"]
[PlyCount "23"]
[EventDate "2012.07.??"]
[EventType "swiss"]
[EventRounds "9"]
[EventCountry "USA"]
[Source "MonRoi"]
[TimeControl "6000+1105"]
[WhiteClock "1:04:00"]
[BlackClock "1:17:25"]

1. d4 Nf6 2. c4 e6 3. Nc3 Bb4 4. Nf3 d5 5. cxd5 exd5 6. Bg5 Nbd7 7. e3 c5 8.
dxc5 Qa5 9. Rc1 Bxc3+ 10. bxc3 O-O 11. Nd4 Ne4 12. Bf4 1/2-1/2

[Event "Philadelphia International"]
[Site "Philadelphia"]
[Date "2012.07.02"]
[Round "8.1"]
[White "Gupta, Abhijeet"]
[Black "Venkatesh, Marani"]
[Result "1/2-1/2"]
[ECO "E39"]
[WhiteElo "2644"]
[BlackElo "2517"]
[PlyCount "93"]
[EventDate "2012.07.??"]
[EventType "swiss"]
[EventRounds "9"]
[EventCountry "USA"]
[Source "MonRoi"]
[TimeControl "6000+1375"]
[WhiteClock "0:39:48"]
[BlackClock "0:27:26"]

1. d4 Nf6 2. c4 e6 3. Nc3 Bb4 4. Qc2 O-O 5. Nf3 c5 6. dxc5 Na6 7. g3 Nxc5 8.
Bg2 b6 9. O-O Bb7 10. Nb5 Nce4 11. Ng5 d5 12. Nxe4 Nxe4 13. a3 Be7 14. Bxe4
dxe4 15. Bf4 Bc6 16. Rfd1 Qc8 17. Nd6 Bxd6 18. Bxd6 Rd8 19. Rac1 Qa6 20. Qc3
Rac8 21. Qe3 f6 22. b3 Rd7 23. Rd2 Rcd8 24. Rcd1 b5 25. cxb5 Bxb5 26. Bc5 Qc6
27. Rxd7 Rxd7 28. Rxd7 Qxd7 29. Qxe4 Qd1+ 30. Kg2 Qxb3 31. Qa8+ Kf7 32. Qxa7+
Kg8 33. Qb8+ Kf7 34. Qc7+ Kg8 35. Qd6 h6 36. Qd8+ Kh7 37. Qd2 Qc4 38. Bb4 Qxe2
39. Qxe2 Bxe2 40. a4 Kg6 41. a5 h5 42. f3 Kf5 43. Kf2 Ba6 44. Ke3 e5 45. Bf8 g6
46. h3 Ke6 47. Ke4 1/2-1/2